Cogmind - Beta 15 @@@ ROGUE MODE // 2025.07.21 @ 18:43:25 Player: beans Result: Destroyed by RX-065(R) with Subdweller Shrapnel Launcher Performance ------------- Evolutions (0) 0 Regions Visited (2) 400 Robots Destroyed (11) 55 Value Destroyed (318) 318 Prototype IDs (0) 0 Alien Tech Used (0) 0 Bonus (0) 0 TOTAL SCORE: 773 Bonus ------- None Cogmind --------- Core Integrity 0/250 Matter 300/300 Energy 84/100 System Corruption 0% Temperature Cool (0) Movement Rolling (110) Location -10/Subcaves Parts ------- > --- POWER (1) -------- (None) > --- PROPULSION (2) --- Subdweller Monowheel > --- UTILITY (2) ------ Large Storage Unit > --- WEAPON (2) ------- (None) > --- INVENTORY (15) --- Subdweller Beam Cannon Light Assault Rifle Light Assault Rifle Peak State ------------ > --- POWER ------------ Subdweller Power Source > --- PROPULSION ------- Light Treads Light Treads > --- UTILITY ---------- Large Storage Unit > --- WEAPON ----------- Subdweller Laser Subdweller Beam Cannon > --- INVENTORY -------- Light Assault Rifle Light Assault Rifle [Rating: 9] Favorites ----------- Power Subdweller Power Source Engine Subdweller Power Source Propulsion Light Treads Treads Light Treads Wheel Subdweller Monowheel Utility Large Storage Unit Storage Large Storage Unit Weapon Light Assault Rifle Energy Gun Subdweller Laser Energy Cannon Subdweller Beam Cannon Ballistic Gun Light Assault Rifle Ballistic Cannon Battle Cannon Build | -11 -10 -10 ------- Run | Yrd Mat Sub Slots Evolved . | . . . Power . | . . . Propulsion . | . . . Utility . | . . . Weapon . | . . . Parts Attached 10 | 4 1 5 Power 1 | . . 1 Engine 1 | . . 1 Core . | . . . Reactor . | . . . Propulsion 3 | 2 . 1 Treads 2 | 2 . . Leg . | . . . Wheel 1 | . . 1 Hover . | . . . Flight . | . . . Utility 1 | . 1 . Device . | . . . Storage 1 | . 1 . Processor . | . . . Hackware . | . . . Protection . | . . . Artifact . | . . . Weapon 5 | 2 . 3 Energy Gun 1 | . . 1 Energy Cannon 1 | . . 1 Ballistic Gun 2 | 2 . . Ballistic Cannon 1 | . . 1 Launcher . | . . . Special Weapon . | . . . Impact Weapon . | . . . Slashing Weapon . | . . . Piercing Weapon . | . . . Special Melee Weapon . | . . . Unidentified Prototypes . | . . . Parts Lost 5 | . . 5 Power 1 | . . 1 Propulsion 2 | . . 2 Utility . | . . . Weapon 2 | . . 2 Highest Loss Streak 2 | . . 2 To Critical Strikes . | . . . Average Backups 1 | . . 2 Power . | . . . Propulsion . | . . . Utility . | . . . Weapon 1 | . . 2 Tool/Special . | . . . Unused Backups . | . . . Power . | . . . Propulsion . | . . . Utility . | . . . Weapon . | . . . Tool/Special . | . . . Average Slot Usage (%) 71 | . 70 71 Engine 7 | . . 11 Treads 19 | . 28 14 Wheel 1 | . . 2 Storage 13 | . 13 14 Energy Gun 7 | . . 12 Energy Cannon 4 | . . 6 Ballistic Gun 12 | . 28 3 Ballistic Cannon 3 | . . 5 Peak Build Rating 9 | 4 5 9 Average Rating 6 | 2 4 7 On Entrance 3 | . 4 5 Naked Turns . | . . . Heaviest Build 37 | 2 22 37 Greatest Support 40 | 40 40 40 Greatest Overweight (x) 10 | . . 10 Average Overweight (x) . | . . 1 Largest Inventory Capacity 15 | 5 15 15 Average Capacity 14 | 5 14 15 Most Carried 4 | 2 1 4 Average Carried 1 | . . 2 Final Capacity 15 | 5 15 15 Final Carried 3 | . . 3 Class Distribution -------------------- 100% | Mutant Dominant Class ---------------- Mutant | -10/Materials Mutant | -10/Subcaves Resources | -11 -10 -10 ----------- Run | Yrd Mat Sub Matter Collected 421 | 235 45 141 Remotely . | . . . Salvage Created 335 | . 91 244 Parts 21 | . 4 17 Haulers Intercepted . | . . . Recyclers Shooed . | . . . Parts Field Recycled . | . . . Retrieved Matter . | . . . Parts Self-Destructed 6 | . . 6 Prevented . | . . . Kills | -11 -10 -10 ------- Run | Yrd Mat Sub Combat Hostiles Destroyed 9 | . 2 7 Guns 6 | . 2 4 Cannons 3 | . . 3 Classes Destroyed 4 | . 1 3 Turret 2 | . . 2 Swarmer 3 | . . 3 Grunt 2 | . 2 . Subdweller 4 | . . 4 Best Kill Streak 3 | . 2 3 Combat Bots Only 3 | . 2 3 Max Kills in Single Turn 1 | . 1 1 Gunslinging . | . . . Exploded . | . . . Melee . | . . . Uniques/NPCs Destroyed . | . . . Combat | -11 -10 -10 -------- Run | Yrd Mat Sub Hostile Shots Fired 131 | . 10 121 Missed 48 | . 6 42 Hits 83 | . 4 79 Projectile 83 | . 4 79 AOE 1 | . . 1 Critical Strikes 1 | . . 1 Damage Taken 916 | . 43 873 Core 262 | . 10 252 Absorbed by Shields . | . . . Core Remaining (%) 100 | 100 . . Volleys Fired 65 | 3 14 48 Largest 2 | 2 2 2 Hottest 140 | 40 40 140 Shots Fired 107 | 6 24 77 Gun 73 | 6 24 43 Cannon 34 | . . 34 Launcher . | . . . Special . | . . . Kinetic 69 | 6 24 39 Thermal 38 | . . 38 Explosive . | . . . Electromagnetic . | . . . Robot Hit Streak 10 | 4 7 10 Robot Miss Streak 2 | 1 2 2 Penetration Max . | . . . Secondary Targets . | . . . Shots Hit Robots 66 | 5 11 50 Core Hits 23 | 1 6 16 Critical Kills . | . . . Critical Parts Destroyed . | . . . Critical Strikes 2 | . . 2 Destroy 2 | . . 2 Melee Attacks . | . . . Impact . | . . . Slashing . | . . . Piercing . | . . . Sneak Attacks . | . . . Combat Hostiles . | . . . Follow-up Attacks . | . . . Damage Inflicted 1033 | 46 101 886 Guns 624 | 46 101 477 Cannons 409 | . . 409 Explosions . | . . . Melee . | . . . Ramming . | . . . Kinetic 519 | 46 101 372 Thermal 514 | . . 514 Explosive . | . . . Electromagnetic . | . . . Impact . | . . . Slashing . | . . . Piercing . | . . . Highest Corruption . | . . . Average Corruption . | . . . Corruption Purged . | . . . Corruption Blocked . | . . . Overload Shots . | . . . Overflow Damage 26 | . . 26 Projectiles 26 | . . 26 Explosions . | . . . Melee . | . . . Knockbacks 3 | . . 3 Impact . | . . . Kinetic 3 | . . 3 Secondary . | . . . Self-Inflicted Damage . | . . . Shots . | . . . Rammed . | . . . Targets Rammed . | . . . Kicked . | . . . Crushed . | . . . Highest Temperature 234 | . 1 234 Average Temperature 49 | . 1 51 Received Heat Transfer 660 | . 24 636 Siege Activations . | . . . Martial Activations . | . . . Shielding Activations . | . . . Robots Disrupted . | . . . Combat Hostiles . | . . . Robots Corrupted . | . . . Combat Hostiles . | . . . Parts Fried . | . . . Impact Corruptions . | . . . Robots Melted . | . . . Combat Hostiles . | . . . Parts Melted . | . . . Heat Transferred 647 | . . 647 Parts Sabotaged . | . . . Parts Stolen . | . . . Parts Stripped . | . . . Power Chain Reactions . | . . . Alert | -11 -10 -10 ------- Run | Yrd Mat Sub Maximum Alert Level . | . . . Low Security (%) 100 | 100 100 . Level 1 . | . . . Level 2 . | . . . Level 3 . | . . . Level 4 . | . . . Level 5 . | . . . High Security . | . . . Max Security . | . . . Peak Influence 50 | . 50 . Initial . | . . . Average 4 | . 5 . Influence Increases 270 | . 50 220 Destroy 0b10 Robot/C 140 | . 40 100 Destroy Leader 10 | . 10 . Lose Combat Pursuer 120 | . . 120 Influence Decreases 270 | . 50 220 Time Decay 240 | . 50 190 Lost Part 30 | . . 30 Squads Dispatched 1 | . 1 . Investigation . | . . . Extermination . | . . . Reinforcement 1 | . 1 . Assault . | . . . Garrison . | . . . Intercept . | . . . Searches Triggered . | . . . Construction Impeded . | . . . Haulers Reinforced . | . . . Active Scanning Responses . | . . . Cargo Convoy Interrupts . | . . . Stealth | -11 -10 -10 --------- Run | Yrd Mat Sub Distress Signals . | . . . Communications Jammed . | . . . Distress Signals . | . . . Times Spotted 18 | . 3 15 Peak Tracking Total 6 | . 4 6 Tactical Retreats 3 | . . 3 Traps | -11 -10 -10 ------- Run | Yrd Mat Sub Traps Triggered . | . . . Indirectly . | . . . Trap Hack Attempts . | . . . Triggered . | . . . Disarmed . | . . . Reprogrammed . | . . . Reused . | . . . Traps Extracted . | . . . Installed . | . . . Triggered . | . . . Machines | -11 -10 -10 ---------- Run | Yrd Mat Sub Machines Disabled 2 | . . 2 Max in Single Turn 1 | . . 1 Machines Repaired . | . . . Machines Dismantled . | . . . Machines Sabotaged . | . . . Overloaded Fab Kills . | . . . Hacking | -11 -10 -10 --------- Run | Yrd Mat Sub Machines Accessed 1 | . . 1 Terminals . | . . . Fabricators . | . . . Repair Stations . | . . . Recycling Units . | . . . Scanalyzers . | . . . Garrison Access . | . . . Total Hacks 4 | . . 4 Successful 4 | . . 4 Failed . | . . . Catastrophic . | . . . Database Lockouts . | . . . Manual . | . . . Terminals . | . . . Fabricators . | . . . Repair Stations . | . . . Recycling Units . | . . . Scanalyzers . | . . . Garrison Access . | . . . Terminal Hacks 4 | . . 4 Record 4 | . . 4 Fabricator Hacks . | . . . Repair Station Hacks . | . . . Recycling Unit Hacks . | . . . Scanalyzer . | . . . Garrison Access Hacks . | . . . Unauthorized Hacks . | . . . Terminals . | . . . Fabricators . | . . . Repair Stations . | . . . Recycling Units . | . . . Scanalyzers . | . . . Garrison Access . | . . . Data Cores Recovered . | . . . Used . | . . . Hacking Detections . | . . . Full Trace Events . | . . . Feedback Events . | . . . Feedback Blocked . | . . . Robot Schematics Acquired . | . . . Robots Built . | . . . Authchips . | . . . Time . | . . . Total Robot Build Rating . | . . . Part Schematics Acquired . | . . . Parts Built . | . . . Authchips . | . . . Time . | . . . Total Part Build Rating . | . . . Parts Repaired . | . . . Time . | . . . Parts Recycled . | . . . Recycled Matter . | . . . Retrieved Matter . | . . . Retrieved Components . | . . . Parts Scanalyzed . | . . . Part Schematics Acquired . | . . . Parts Damaged . | . . . Bothacking | -11 -10 -10 ------------ Run | Yrd Mat Sub Used RIF Installer . | . . . Robots Hacked . | . . . Non-combat . | . . . Combat . | . . . Robot Hacks Applied . | . . . Relay Couplers Released . | . . . Fabnet Peak Effective % . | . . . Robots Rewired . | . . . Allies Hacked . | . . . Hacks Repelled . | . . . Allies | -11 -10 -10 -------- Run | Yrd Mat Sub Total Allies . | . . . Largest Group . | . . . Highest-Rated Group . | . . . Highest-Rated Ally . | . . . Total Orders . | . . . Ally Attacks . | . . . Total Damage . | . . . Kills . | . . . Allies Corrupted . | . . . Allies Melted . | . . . Intel | -11 -10 -10 ------- Run | Yrd Mat Sub Active Infowar (turns) . | . . . Robot Analysis Total . | . . . Derelict Logs Recovered 3 | . . 3 Drone Launches . | . . . Drone Recoveries . | . . . Exploration | -11 -10 -10 ------------- Run | Yrd Mat Sub Turns Passed 1357 | 54 469 834 Spaces Moved 492 | 46 120 326 Core 60 | 31 . 29 Treads 327 | 15 120 192 Legs . | . . . Wheels 105 | . . 105 Hover . | . . . Flight . | . . . Fastest Speed 50 | 50 160 120 Average Speed 175 | 85 160 193 Slowest Speed 550 | 160 160 550 Overloaded Moves . | . . . Propulsion Burnouts . | . . . Robots Hopped . | . . . Potential Cave-ins . | . . . Cave-ins Triggered . | . . . Exploration Rate (%) 18 | 4 31 21 Regions Visited 2 Branch Regions 1 Pre-discovered Areas 1 | . . 1 Known Exits Taken . | . . . Unknown Exits Taken 2 | 1 1 . Scrap Searched . | . . . Spaces Dug . | . . . Terrain Destroyed 2 | . . 2 Melee . | . . . Projectile 2 | . . 2 AOE . | . . . Terrain Rammed . | . . . Walls Destroyed . | . . . Machines Disabled . | . . . Actions | -11 -10 -10 --------- Run | Yrd Mat Sub Total 889 | 56 378 455 Wait 314 | . 243 71 Move 490 | 45 119 326 Hop . | . . . Pick Up 10 | 4 1 5 Fast Attach . | . . . Attach 7 | 4 1 2 Detach . | . . . Swap 3 | . . 3 Drop . | . . . Fire 65 | 3 14 48 Melee . | . . . Ram . | . . . Kick . | . . . Crush . | . . . Escape Stasis . | . . . Rewire . | . . . Trap . | . . . Miscellaneous . | . . . Route ------- -11/Scrapyard -10/Materials (discovered 2 exits: [*Mat] / *Sub) -10/Subcaves (discovered 3 exits: *Mat x2 / [*Rec]) History --------- Turn | Location | Event 4 | -11/Scrapyard | Discovered new exit (range 15) 55 | -11/Scrapyard | Entered Materials 244 | -10/Materials | Discovered new exit (range 13) 302 | -10/Materials | Build established: Mutant 505 | -10/Materials | Discovered new exit (range 6) 524 | -10/Materials | Entered Subcaves 525 | -10/Subcaves | Approached by a straggling Scientist 572 | -10/Subcaves | Learned Materials security intel 642 | -10/Subcaves | Discovered new exit (range 13) 821 | -10/Subcaves | Shifting Twisted Machinery released Battle Cannon 838 | -10/Subcaves | Learned Materials emergency access door positions 991 | -10/Subcaves | Discovered new exit (range 14) 1222 | -10/Subcaves | Core integrity fell below 50% 1271 | -10/Subcaves | Visited Clippyterm 1274 | -10/Subcaves | Identified exit to Materials 1274 | -10/Subcaves | Learned Factory fabricator intel 1321 | -10/Subcaves | Core integrity fell below 20% 1358 | -10/Subcaves | Destroyed by RX-065(R) with Subdweller Shrapnel Launcher Last Messages --------------- Data stored: Factory fabricator intel. >>Record "Optimus" It looks like you're curious about the current leader of 0bPrime. Optimus is well liked, but certainly not being up front with the UFD as a whole. 88-QOF(c): "I think it's somewhere southwest of here" Sub. Power Source destroyed. 3E-2QM(R) knocked back. D3-G8S(R) knocked back. D3-G8S(R) suffers critical hit (Destroy). Destroyed Sub. Optics. 3E-2QM(R) destroyed. D3-G8S(R) destroyed. Acquired 60 matter. 88-QOF(c): "I think it's somewhere southwest of here" Sub. Laser destroyed. Battle Cannon destroyed. Map ----- +----------------------------------------------------+ | ????????????????????????????????????????????? | | ????????????????????????????????????????????? | | ????????????????????????????????????????????? | | ????????????????????????????????????????????? | | ????????????????????????????????????????????? | | ????????????????????????????????????????????? | | ????????????????????????????????????????????? | | ????????????????????????????????????????????? | | ????????????????????????????????????????????? | | ????????????????????????????????????????????? | | ????????????????????????????????????????????? | | ????????????????????????????????????????????? | | ????????????????????????????????????????????? | | ????????????????????????????????????????????? | | ????????????????????????????????????????????? | | ????????????###???????? ????????????????????? | | ????????????# ???"#?? ????????????????????? | | ????????????? ?? ##"????????????????????? | | ??????????????? """ " ????????????????????? | | ???????????????? """"""????????????????????? | | ?????????????????# """""????????????????????? | | ??????????????????# "" #????????????????????? | | ???????????????????# ####?????????????????? | | ??????????????????## ##%##????????????????? | | ??????????????????# RR #????????????????? | | ??????????????????#### ##@ #????????????????? | | ?????????????????????##### ##???????????????? | | ??????????????????????##?# #???????????????? | | ?????????????????????## ## #???????????????? | | ?????????????????????# #???????????????? | | ?????????????????????# #???????????????? | | ?????????????????????## % ##???????????????? | | ??????????????????????## %#???????????????? | | ??????????????????????## %&%##??????????????? | | ??????????????????????# *&%##?????????????? | | ??????????????????????# &&&&#?????????????? | | ??????????????????????##### ! #?????????????? | | ???????????????????????##### #?????????????? | | ?????????????????????### # #?????????????? | | ????????????????????## #?????????????? | | ???????????????????## #?????????????? | | ???????????????????# # ####?????????????? | | ???????????????????# ###????????????????? | | ??????????????????## #?##???????????????? | | ?????????????????## ### #???????????????? | | ?????????????????# ## #???????????????? | | ?????????????????## #???????????????? | | ??????????????????# #???????????????? | | ??????????????????# #???????????????? | | ?????????????####### ##??????????????? | +----------------------------------------------------+ Best States ------------- Heat Dissipation 25 Energy Generation 15 Energy Capacity 200 Matter Stores 300 Matter Capacity 300 Sight Range 16 Terrain Scan Density 10 Evasion (%) 50 Recoil Reduction 2 Item Schematics ----------------- None Robot Schematics ------------------ None Fabricated ------------ Nothing Repaired ---------- Nothing Alien Tech Used ----------------- None Achievements -------------- None Challenges ------------ None Game ------ Seed SniperSpectralSword Manual? 0 Play Time 00:08:51 Cumulative 63.3 hours Start 2025.07.21 @ 18:38:14 End 2025.07.21 @ 18:43:25 Sessions 1 Manual Loads 0 Difficulty Rogue Special Mode None Game No. 268 Rogue 268 Adventurer 0 Explorer 0 Win Type - Total 0 Types 0/0/0/0/0/0/0/0/0/0 Lore% 43 Gallery% 31 Achievement% 25 Wizard Run 0 Options --------- Layout 2 ASCII 0 Keyboard 0 Movement Mouse Keybinds 0 Fullscreen 1 Font 24/Terminus Map View 50x44 Zoom Use 0% Tactical HUD 0 Map Filters NONE Filters NONE Steam 1 RUN: ca334913-3141-4a96-921c-135c14e4dd14